 Dungeon Crawl Stone Soup version 0.16-a0-3926-g4728e1c (webtiles) character file.

8629 Herrn the Spear-Bearer (level 11, -10/86 HPs)
             Began as a Formicid Skald on Feb 5, 2015.
             Was a High Priest of Okawaru.
             Engulfed by a fire crab's flame (20 damage)
             ... on level 10 of the Dungeon.
             The game lasted 01:04:28 (12900 turns).

Herrn the Spear-Bearer (Formicid Skald)            Turns: 12900, Time: 01:04:28

Health: -10/86     AC: 11    Str: 24    XL:     11   Next: 59%
Magic:  22/22      EV: 24    Int: 10    God:    Okawaru [*****.]
Gold:   242        SH:  9    Dex: 15    Spells: 5 memorised, 1 level left

rFire  . . .     SeeInvis +     D - +3 scythe (venom)
rCold  + . .     Clarity  .     G - +4 leather armour "Pnixiub" {rPois+ Str+7 Int-5 Stlth+}
rNeg   + . .     SustAb   .     i - +2 buckler
rPois  +         Gourm    +     (helmet unavailable)
rElec  .         Spirit   .     e - +1 cloak
rCorr  .         Warding  .     (no gloves)
rMut   .         Stasis   +     (no boots)
MR     +....                    y - amulet of the gourmand
Stlth  +++++.....               U - ring of protection from cold
                                C - ring of positive energy

@: agile, heroism, somewhat resistant to hostile enchantments, quite stealthy
A: permanent stasis, dig shafts and tunnels, four strong arms, antennae 3
a: Dig, Shaft Self, Heroism, Renounce Religion


You were on level 10 of the Dungeon.
You worshipped Okawaru.
Okawaru was extremely pleased with you.
You were very full.

You visited 2 branches of the dungeon, and saw 11 of its levels.
You also visited: Sewer.

You collected 674 gold pieces.
You spent 432 gold pieces at shops.

Inventory:

Hand weapons
 u - a +2 whip of flaming
 D - a +3 scythe of venom (weapon)
 P - a +0 long sword of holy wrath
Armour
 e - a +1 cloak (worn)
 i - a +2 buckler (worn)
 G - the +4 leather armour "Pnixiub" (worn) {rPois+ Str+7 Int-5 Stlth+}
   (You found it on level 6 of the Dungeon)

   It affects your strength (+7).
   It affects your intelligence (-5).
   It protects you from poison.
   It makes you more stealthy.
Jewellery
 f - an uncursed ring of ice
 o - an uncursed ring of protection from magic
 y - an amulet of the gourmand (around neck)
 C - a ring of positive energy (left hand)
 N - an uncursed amulet of resist corrosion
 R - the ring of Ladey {rF+ rC- rN+ Dex-5 Stlth+}
   (You bought it in a shop on level 7 of the Dungeon)

   [ring of dexterity]

   It affects your dexterity (-5).
   It protects you from fire.
   It makes you vulnerable to cold.
   It protects you from negative energy.
   It makes you more stealthy.
 U - a ring of protection from cold (right hand)
 X - an uncursed ring of poison resistance
Magical devices
 a - a wand of hasting (2)
 v - a wand of draining (5)
 x - a wand of slowing (28)
 B - a wand of frost (14)
 F - a wand of magic darts (16)
 H - a wand of cold (9)
Scrolls
 h - 5 scrolls of fear
 m - 9 scrolls of remove curse
 r - 2 scrolls of enchant weapon
 J - a scroll of enchant armour
 L - a scroll of blinking {unknown}
 Q - a scroll of recharging
 S - a scroll of brand weapon {unknown}
 W - 3 scrolls of magic mapping
 Z - a scroll of noise {unknown}
Potions
 g - a potion of brilliance
 j - 2 potions of restore abilities
 n - 8 potions of curing
 w - a potion of resistance {unknown}
 E - a potion of mutation {unknown}
 I - a potion of flight
 M - a potion of cure mutation
 V - a potion of berserk rage {unknown}
 Y - a potion of lignification {unknown}
Books
 c - a book of Battle

   Spells                             Type                      Level
   a - Infusion                       Charms                       1
   b - Shroud of Golubria             Charms/Translocation         2
   c - Song of Slaying                Charms                       2
   d - Spectral Weapon                Hexes/Charms                 3
   e - Regeneration                   Charms/Necromancy            3
 p - a Fen Folio

   Spells                             Type                      Level
   a - Corpse Rot                     Necromancy                   2
   b - Stone Arrow                    Conjuration/Earth            3
   c - Leda's Liquefaction            Hexes/Earth                  4
   d - Summon Forest                  Summoning/Translocation      5
   e - Hydra Form                     Transmutation                6
   f - Summon Hydra                   Summoning                    7
 t - a book of Changes

   Spells                             Type                      Level
   a - Beastly Appendage              Transmutation                1
   b - Sticks to Snakes               Transmutation                2
   c - Spider Form                    Transmutation/Poison         3
   d - Ice Form                       Ice/Transmutation            4
   e - Blade Hands                    Transmutation                5
 z - the Grimoire of Earth and Good Luck
   (You found it on level 8 of the Dungeon)

   Spells                             Type                      Level
   a - Sandblast                      Earth                        1
   b - Song of Slaying                Charms                       2
   c - Ozocubu's Armour               Charms/Ice                   3
   d - Leda's Liquefaction            Hexes/Earth                  4
   e - Shatter                        Earth                        9
 O - a book of Conjurations

   Spells                             Type                      Level
   a - Magic Dart                     Conjuration                  1
   b - Searing Ray                    Conjuration                  2
   c - Dazzling Spray                 Conjuration/Hexes            3
   d - Fulminant Prism                Conjuration/Hexes            4
   e - Iskenderun's Mystic Blast      Conjuration                  4
   f - Iskenderun's Battlesphere      Conjuration/Charms           5
 T - a book of Minor Magic

   Spells                             Type                      Level
   a - Magic Dart                     Conjuration                  1
   b - Blink                          Translocation                2
   c - Call Imp                       Summoning                    2
   d - Repel Missiles                 Charms/Air                   2
   e - Slow                           Hexes                        2
   f - Conjure Flame                  Conjuration/Fire             3
   g - Mephitic Cloud                 Conjuration/Poison/Air       3
Comestibles
 d - 8 bread rations
 k - 2 meat rations
 l - 2 beef jerkies
 q - 3 royal jellies
 s - 12 fruits
 K - a slice of pizza


   Skills:
 + Level 7.9(12.9) Fighting
 + Level 8.3(13.3) Polearms
 + Level 6.5(11.5) Armour
 + Level 6.8(11.8) Dodging
 + Level 6.6(11.6) Shields
 - Level 3.0 Spellcasting
 * Level 2.9 Conjurations
 - Level 3.0 Charms
 * Level 6.9 Ice Magic
 - Level 1.0 Invocations


You had one spell level left.
You knew the following spells:

 Your Spells              Type           Power        Failure   Level  Hunger
a - Infusion              Chrm           #.....       12%         1    #......
b - Regeneration          Chrm/Necr      #.........   58%         3    ###....
c - Ice Form              Ice/Trmt       #.......     80%         4    #####..
d - Iskenderun's Mystic   Conj           #.......     88%         4    #####..
e - Stone Arrow           Conj/Erth      #.....       58%         3    ###....


Dungeon Overview and Level Annotations

Branches:
Dungeon (10/15)            Temple (1/1) D:5            Lair (0/8) D:9
    Orc: D:9-12

Altars:
Ashenzari
Cheibriados
Dithmenos
Elyvilon
Fedhas
Gozag
Kikubaaqudgha
Makhleb
Nemelex Xobeh
Okawaru
Qazlal
Ru
Sif Muna
Trog
Vehumet
Xom
Yredelemnul
Zin
The Shining One

Shops:
D:7 *   D:8 ?


Innate Abilities, Weirdness & Mutations

You are under a permanent stasis effect.
You can dig through walls and to a lower floor.
Your four strong arms can wield two-handed weapons with a shield.
You have a pair of large antennae on your head (SInv).


Message History

The fire crab breathes flames at you. The blast of flame engulfs you!
The fire crab breathes flames at you. The blast of flame misses you.
Unknown command.
Read which item? (? for menu, Esc to quit)
Okay, then.
Drink which item? (? for menu, Esc to quit)
You feel agile all of a sudden.
You are engulfed in roaring flames.
* * * LOW HITPOINT WARNING * * *
The fire dragon barely misses you. The fire dragon claws you!
* * * LOW HITPOINT WARNING * * *
The fire dragon misses you. The fire crab barely misses you.
The fire crab completely misses you.
The hound zombie is engulfed in roaring flames.
Drink which item? (? for menu, Esc to quit)
It was a potion of magic.
Magic courses through your body.
You are engulfed in roaring flames.
You die...

{ {#P...# { #...P# { #P...#
. { #...P# ... #P...# ##
Z.{. #...P# ##. .....
#P...# ##.. ..D....#D..P###
####..# ....5..Zt@†.#.##
#.....# ############[#.#
##.#..# #..####.## #.#...
###..#...### #..#.. ###
##.......####..#.. # ###.#
#....##...#.....( # #...#
##....####..####..
##.#####...###
#.....###..## ##.#
..(......#...###......##.##
#..#


You could see a storm dragon (wandering), a fire dragon, a fire crab, a crimson
imp and a hound zombie.

Vanquished Creatures
  A hill giant (D:10)
  Pikel (D:4)
  A fire drake (D:9)
  Prince Ribbit (D:8)
  A slime creature (D:10)
  2 wyverns
  9 yaks (D:9)
  A wraith (D:10)
  Grum (D:10)
  2 hippogriffs (D:10)
  2 wolves (D:10)
  4 orc warriors
  Purgy (Sewer)
  3 slaves
  4 ogres
  2 black bears
  4 ice beasts
  2 sky beasts
  2 centaurs (D:7)
  Sigmund (D:7)
  4 big kobolds
  Blork the orc (D:4)
  A gnoll sergeant (D:7)
  6 giant frogs
  2 scorpions
  6 wights
  6 crimson imps
  4 giant frog skeletons
  2 jellies
  6 hounds
  Crazy Yiuf (D:6)
  7 orc priests
  A quasit (D:8)
  A gnoll shaman (D:9)
  7 iguanas
  5 orc wizards
  8 worker ants
  A hound skeleton (D:4)
  A worker ant zombie (D:6)
  11 gnolls
  A shadow imp (D:6)
  8 adders
  A giant mite (D:3)
  2 worms
  2 adder skeletons
  13 giant geckos
  2 oozes
  31 orcs
  16 bats
  2 bat skeletons
  4 giant cockroaches
  12 hobgoblins
  6 jackals
  4 giant newts
  21 goblins
  3 goblin skeletons (D:5)
  A goblin zombie (D:5)
  4 hobgoblin zombies (D:5)
  A jackal skeleton (D:3)
  51 kobolds
  A kobold skeleton (D:5)
  3 kobold zombies (D:5)
  2 orc zombies (D:5)
  3 quokkas
  15 rats
  A fungus (D:6)
  A plant (D:1)
337 creatures vanquished.

Notes
Turn   | Place    | Note
--------------------------------------------------------------
     0 | D:1      | Herrn, the Formicid Skald, began the quest for the Orb.
     0 | D:1      | Reached XP level 1. HP: 16/16 MP: 3/3
   132 | D:1      | Reached XP level 2. HP: 18/23 MP: 6/6
   166 | D:1      | Reached skill level 1 in Dodging
   500 | D:1      | Reached XP level 3. HP: 28/28 MP: 7/7
  1224 | D:2      | Reached skill level 1 in Shields
  1432 | D:2      | Found a shimmering altar of Xom.
  1497 | D:2      | Learned a level 3 spell: Regeneration
  1524 | D:2      | Reached XP level 4. HP: 32/34 MP: 9/9
  1591 | D:2      | Found a stormy altar of Qazlal.
  1600 | D:2      | Found a blossoming altar of Fedhas.
  2685 | D:3      | Reached XP level 5. HP: 37/41 MP: 11/11
  3049 | D:3      | Found a glowing golden altar of the Shining One.
  3898 | D:3      | Reached XP level 6. HP: 47/47 MP: 13/13
  3985 | D:4      | Learned a level 4 spell: Ice Form
  4017 | D:4      | Found an iron altar of Okawaru.
  4026 | D:4      | Became a worshipper of Warmaster Okawaru
  4337 | D:4      | Reached XP level 7. HP: 49/52 MP: 16/16
  4441 | D:4      | Noticed a slave
  4442 | D:4      | Noticed a slave
  4550 | D:3      | Killed a slave
  4853 | D:4      | Found a white marble altar of Elyvilon.
  4915 | D:4      | Noticed Blork the orc
  4937 | D:4      | Killed Blork the orc
  4937 | D:4      | Reached skill level 1 in Ice Magic
  5401 | D:4      | Acquired Okawaru's first power
  5562 | D:4      | Noticed a slave
  5564 | D:4      | Noticed Pikel
  5581 | D:4      | Killed a slave
  5585 | D:4      | Killed a slave
  5710 | D:4      | Noticed a slave
  5748 | D:4      | Killed Pikel
  5748 | D:4      | Reached skill level 4 in Fighting
  5748 | D:4      | Reached XP level 8. HP: 23/61 MP: 15/18
  5959 | D:4      | Noticed a black bear
  5975 | D:4      | Killed a black bear
  6226 | D:5      | Entered Level 5 of the Dungeon
  6275 | D:5      | Found a shattered altar of Ashenzari.
  6301 | D:5      | Reached skill level 5 in Armour
  6370 | D:5      | Reached skill level 5 in Fighting
  6534 | D:5      | Found a staircase to the Ecumenical Temple.
  6540 | Temple   | Entered the Ecumenical Temple
  6632 | D:5      | Found a glowing golden altar of the Shining One.
  7144 | D:5      | Reached XP level 9. HP: 49/68 MP: 16/19
  7273 | D:6      | Reached skill level 5 in Polearms
  7450 | D:6      | Got a spiked leather armour
  7475 | D:6      | Reached skill level 1 in Invocations
  7554 | D:6      | Found a glowing drain.
  7562 | Sewer    | Entered a sewer
  7672 | Sewer    | Noticed Purgy
  7677 | Sewer    | Killed Purgy
  7852 | D:6      | Identified the +4 leather armour "Pnixiub" {rPois+ Str+7 Int-5 Stlth+} (You found it on level 6 of the Dungeon)
  8013 | D:6      | Reached skill level 6 in Polearms
  8144 | D:6      | Noticed Crazy Yiuf
  8152 | D:6      | Killed Crazy Yiuf
  8369 | D:7      | Noticed Sigmund
  8371 | D:7      | Killed Sigmund
  8371 | D:7      | Reached skill level 5 in Shields
  8456 | D:7      | You fall through a shaft for 2 floors!
  8469 | D:9      | Reached skill level 5 in Ice Magic
  8474 | D:9      | Reached XP level 10. HP: 66/76 MP: 20/20
  8728 | D:9      | Noticed a fire drake
  8751 | D:9      | Reached skill level 7 in Polearms
  8879 | D:8      | Reached skill level 5 in Dodging
  8912 | D:8      | Found an opulent altar of Gozag.
  8963 | D:8      | Learned a level 4 spell: Iskenderun's Mystic Blast
  9090 | D:7      | Found Puchez's Assorted Antiques.
  9099 | D:7      | Bought a faintly glowing ivory ring for 120 gold pieces
  9099 | D:7      | Bought a scroll labeled FEESIHI HIGYPH for 24 gold pieces
  9099 | D:7      | Bought a coral ring for 120 gold pieces
  9100 | D:7      | Identified the cursed ring of Ladey {rF+ rC- rN+ Dex-5 Stlth+} (You bought it in a shop on level 7 of the Dungeon)
  9158 | D:7      | Found a shadowy altar of Dithmenos.
  9294 | D:7      | Found a sacrificial altar of Ru.
  9301 | D:7      | Found an ancient bone altar of Kikubaaqudgha.
  9759 | D:8      | Found Smileul's Magic Scroll Shop.
  9792 | D:8      | Bought 3 scrolls of magic mapping for 168 gold pieces
 10137 | D:8      | Found a sparkling altar of Nemelex Xobeh.
 10155 | D:8      | Identified the Grimoire of Earth and Good Luck (You found it on level 8 of the Dungeon)
 10285 | D:8      | Noticed Prince Ribbit
 10301 | D:8      | Killed Prince Ribbit
 10301 | D:8      | Reached skill level 1 in Conjurations
 10680 | D:9      | Reached XP level 11. HP: 46/84 MP: 19/22
 11175 | D:9      | Killed a fire drake
 11237 | D:9      | Learned a level 3 spell: Stone Arrow
 11480 | D:9      | Found a staircase to the Lair.
 11617 | D:10     | Entered Level 10 of the Dungeon
 11837 | D:10     | Acquired Okawaru's second power
 12181 | D:10     | Noticed Grum
 12188 | D:10     | Killed Grum
 12188 | D:10     | Received a gift from Okawaru
 12188 | D:10     | Reached skill level 8 in Polearms
 12552 | D:10     | Noticed a hill giant
 12572 | D:10     | Killed a hill giant
 12871 | D:10     | Noticed a storm dragon
 12872 | D:10     | Noticed a fire dragon
 12893 | D:10     | Noticed a fire crab
 12900 | D:10     | Engulfed by a fire crab's flame

Action                   |  1- 3 |  4- 6 |  7- 9 | 10-12 || total
-------------------------+-------+-------+-------+-------++-------
Melee: Spear             |   150 |   353 |   134 |       ||   637
       Halberd           |       |       |   480 |       ||   480
       Scythe            |       |       |     7 |   378 ||   385
Invok: Heroism           |       |       |     7 |     3 ||    10
 Abil: Dig               |       |     5 |     4 |     5 ||    14
Evoke: Wand              |       |       |     4 |       ||     4
  Use: Potion            |       |     1 |     4 |     2 ||     7
       Scroll            |       |       |    16 |     1 ||    17
 Stab: Distracted        |       |       |       |     1 ||     1
       Sleeping          |       |       |       |     1 ||     1
  Eat: Chunk             |     2 |    28 |    15 |    16 ||    61
